 Dungeon Crawl Stone Soup version 0.31-a0-986-g5e6e4ef867 (webtiles) character file.

Game seed: 10152577359115958484

15839 mandarbmax the Slicer (level 12, -9/65 HPs)
             Began as a Vine Stalker Brigand on Nov 8, 2023.
             Was a Priest of Sif Muna.
             Mangled by a skeletal warrior
             ... wielding a +0 long sword
              (19 damage)
             ... on level 12 of the Dungeon.
             The game lasted 00:27:20 (9635 turns).

mandarbmax the Slicer (Vine Stalker Brigand)        Turns: 9635, Time: 00:27:21

Health: -9/65      AC: 11    Str: 15    XL:     12   Next: 31%
Magic:  0/18       EV: 18    Int: 11    God:    Sif Muna [***...]
Gold:   666        SH:  6    Dex: 26    Spells: 11/11 levels left

rFire   + . .        x - +6 dagger (speed)
rCold   . . .        w - +0 buckler
rNeg    . . .        t - +0 steam dragon scales of Liberalism {Slay+2}
rPois   .            B - +2 hat
rElec   .            c - +0 cloak
rCorr   .            (no gloves)
SInv    .            u - +2 pair of boots
Will    +....        g - amulet of magic regeneration
Stlth   +++++        N - +6 ring of dexterity
HPRegen 1.10/turn    f - ring of protection from fire
MPRegen 0.56/turn

%: guardian spirit
@: channelling
A: fangs 3, regeneration 1, magic shield, antimagic bite, no potion heal 2
a: Renounce Religion, Channel Magic, Forget Spell


You were on level 12 of the Dungeon.
You worshipped Sif Muna.
Sif Muna was most pleased with you.
You visited 1 branch of the dungeon, and saw 12 of its levels.

You collected 666 gold pieces.

Inventory:

Hand Weapons
 s - a +0 rapier
 x - a +6 dagger of speed (weapon)
Missiles
 a - 4 javelins (quivered)
 d - 28 poisoned darts
 e - 4 curare-tipped darts
 r - 5 atropa-tipped darts
 D - 12 boomerangs
Armour
 b - a +3 ring mail
 c - a +0 cloak (worn)
 t - the +0 steam dragon scales of Liberalism (worn) {Slay+2}
   (You found it on level 4 of the Dungeon)

   Slay+2:    It affects your accuracy & damage with ranged weapons and melee
   (+2).
 u - a +2 pair of boots (worn)
 w - a +0 buckler (worn)
 B - a +2 hat (worn)
 J - a +0 kite shield
 L - +0 acid dragon scales
Jewellery
 f - a ring of protection from fire (right hand)
 g - an amulet of magic regeneration (around neck)
 l - a ring of resist corrosion
 N - a +6 ring of dexterity (left hand)
 P - a ring of ice
Wands
 j - a wand of paralysis (9)
 m - a wand of flame (30)
 p - a wand of quicksilver (30)
 M - a wand of roots (8)
Scrolls
 k - 3 scrolls of blinking
 n - a scroll of fear
 o - 3 scrolls of noise
 q - a scroll of silence
 v - 6 scrolls of teleportation {unknown}
 y - a scroll of brand weapon
 G - 2 scrolls of fog
 K - a scroll of immolation
 O - a scroll of torment
 Q - a scroll of amnesia {unknown}
 R - a scroll of poison {unknown}
Potions
 h - 6 potions of curing
 i - 3 potions of haste
 z - a potion of attraction
 A - 2 potions of lignification {unknown}
 C - a potion of ambrosia
 E - a potion of enlightenment {unknown}
 F - a potion of cancellation {unknown}
 H - 4 potions of brilliance {unknown}
 I - a potion of mutation {unknown}
 S - a potion of might {unknown}
 T - a potion of invisibility {unknown}


   Skills:
 + Level 8.3 Fighting
 - Level 10.0 Short Blades
 + Level 4.5 Throwing
 + Level 7.4 Dodging
 + Level 9.4 Stealth
 - Level 4.0 Shields
 + Level 6.6 Invocations


You had 11 spell levels left.
You didn't know any spells.
Your spell library contained the following spells:

 Spells                   Type           Power      Damage    Failure   Level
 Kiss of Death            Conj/Necr      0%         2d5       41%         1
 Magic Dart               Conj           0%         1d3       41%         1
 Necrotise                Necr           0%         1d4       41%         1
 Slow                     Hex            0%         N/A       41%         1
 Scorch                   Fire           0%         2d5       56%         2
 Static Discharge         Conj/Air       0%         3-3/arc   56%         2
 Confusing Touch          Hex            0%         N/A       80%         3
 Gell's Gravitas          Tloc           0%         N/A       80%         3
 Inner Flame              Hex/Fire       0%         N/A       80%         3
 Sigil of Binding         Hex            0%         N/A       80%         3
 Summon Guardian Golem    Hex/Summ       0%         N/A       80%         3
 Teleport Other           Tloc           0%         N/A       80%         3
 Vampiric Draining        Necr           0%         2d6       80%         3
 Airstrike                Air            0%         2d(0-16)  99%         4
 Dispel Undead            Necr           0%         3d6       99%         4
 Flame Wave               Conj/Fire      0%         2d4       99%         4
 Sticky Flame             Conj/Fire      0%         2d3       99%         4
 Summon Lightning Spire   Summ/Air       0%         N/A       99%         4
 Agony                    Necr           0%         N/A       100%        5
 Dispersal                Tloc           0%         N/A       100%        6
 Summon Cactus Giant      Summ           0%         N/A       100%        6
 Orb of Destruction       Conj           0%         9d5       100%        7
 Spellforged Servitor     Conj/Summ      0%         N/A       100%        7


Dungeon Overview and Level Annotations

Branches:
Dungeon (12/15)            Temple (0/1) D:6            Lair (0/5) D:9
    Orc (0/2) D:11

Altars:
Ashenzari
Dithmenos
Fedhas
Kikubaaqudgha
Okawaru
Ru
Sif Muna
Trog
Vehumet
Wu Jian
Xom
Zin
The Shining One

Shops:
D:7 (

Annotations:
D:7 1 runed translucent door, Crazy Yiuf


Innate Abilities, Weirdness & Mutations

You have razor-sharp teeth.
Your natural rate of healing is unusually fast.
When hurt, damage is shared between your health and your magic reserves.
Your bite disrupts and absorbs the magic of your enemies.
Potions cannot restore your health.


Message History

Press: ? - help, Q - select action, (/) - cycle Shift-Dir - straight line
Okay, then.
Something hits your cactus giant!
Your cactus giant is destroyed!
Your cactus giant disappears in a puff of smoke!
You hit the skeletal warrior but do no damage.
Your bite misses the skeletal warrior.
The skeletal warrior is almost destroyed.
You hit the skeletal warrior but do no damage.
The skeletal warrior is almost destroyed.
You hit the skeletal warrior.
You bite the skeletal warrior, but do no damage.
The skeletal warrior is almost destroyed.
The skeletal warrior hits you with a +0 long sword.
You hit the skeletal warrior but do no damage.
You bite the skeletal warrior, but do no damage.
The skeletal warrior is almost destroyed.
Throw: 5 javelins
Press: ? - help, Q - select action, (/) - cycle Shift-Dir - straight line You can't see that place. [the floor.]
You can't see that place.
Okay, then.
Throw: 5 javelins
Press: ? - help, Q - select action, (/) - cycle Shift-Dir - straight line, f - skeletal warrior
Aim: a skeletal warrior, wielding a +0 scimitar (moderately damaged, 71% to hit)
You throw a javelin.
The javelin barely misses the skeletal warrior.
The javelin barely misses the skeletal warrior.
Unknown command.
You hit the skeletal warrior but do no damage.
You bite the skeletal warrior, but do no damage.
The skeletal warrior is almost destroyed.
You block the skeletal warrior's attack.
The skeletal warrior attacks as it pursues you!
The skeletal warrior hits you with a +0 scimitar!!
* * * LOW HITPOINT WARNING * * *
The skeletal warrior attacks as it pursues you!
The skeletal warrior hits you with a +0 long sword!!
You die...

#. #.. ..#....
#. .. .......
#. .. .......
#. .###P..P.#
#. #. ...PP...
#.. #. #.....
#...#.
#...#...#
#...#.
#####.@.#...#
#..>#.
#...#zz.#...#
. #...#.
#...'...#...#
..#.....
#...#...#...#
........
#...#...#...#
........
#...#..รท#...#
........
#...#.......#
........
#(..#......<#
..##+##.
#...#.......#
.. #.


You could see 2 skeletal warriors.

Vanquished Creatures
  Fannar (D:12)
  An ogre mage (D:11)
  7 two-headed ogres
  3 gargoyles
  Psyche (D:11)
  The ghost of Pooter the Chopper, an amateur MiBe of Trog (D:6)
  6 trolls
  A hornet (D:11)
  Sigmund (D:2)
  10 slime creatures (D:12)
  3 yaks (D:10)
  A wraith (D:12)
  A wyvern (D:9)
  A steam dragon (D:9)
  6 acid dragons
  3 water moccasins
  3 black bears
  An orc warrior (D:6)
  4 ogres
  12 centaurs
  4 wolves (D:9)
  3 bullfrogs
  A gnoll sergeant (D:9)
  5 scorpions
  2 wights (D:8)
  9 howler monkeys
  6 electric eels
  A jelly (D:5)
  8 hounds
  An orc priest (D:6)
  A gnoll bouda (D:8)
  3 iguanas
  6 sleepcaps
  7 orc wizards
  6 gnolls
  4 adders
  3 shadow imps
  2 white imps (D:6)
  20 orcs
  4 bats
  5 endoplasms
  2 giant cockroaches (D:2)
  2 goblins
  6 hobgoblins
  4 quokkas
  4 ball pythons
  3 frilled lizards (D:3)
  7 kobolds
  3 rats (D:1)
199 creatures vanquished.

Notes
Turn   | Place    | Note
-------+----------+-------------------------------------------
     0 | D:1      | mandarbmax the Vine Stalker Brigand began the quest for the
                  | Orb.
     0 | D:1      | Reached XP level 1. HP: 11/11 MP: 2/2
   100 | D:1      | Reached skill level 2 in Short Blades
   123 | D:1      | Reached skill level 1 in Dodging
   123 | D:1      | Reached XP level 2. HP: 14/15 MP: 3/3
   220 | D:1      | Reached skill level 5 in Stealth
   998 | D:2      | Reached XP level 3. HP: 18/18 MP: 4/4
  1474 | D:2      | Noticed Sigmund
  1486 | D:2      | Killed Sigmund
  1487 | D:2      | Reached skill level 4 in Short Blades
  1487 | D:2      | Reached XP level 4. HP: 20/24 MP: 5/5
  1487 | D:2      | Reached XP level 5. HP: 24/28 MP: 6/6
  1487 | D:2      | Reached XP level 6. HP: 27/32 MP: 7/7
  2545 | D:4      | Identified the +0 steam dragon scales of Liberalism
                  | {Slay+2}
  2553 | D:4      | Noticed a black bear
  2563 | D:4      | Killed a black bear
  2564 | D:4      | Reached XP level 7. HP: 23/36 MP: 8/8
  2754 | D:4      | Found an ornate altar of the Wu Jian Council.
  2936 | D:4      | Reached skill level 5 in Short Blades
  3234 | D:5      | Identified the "Nuschula"
  3234 | D:5      | Entered Level 5 of the Dungeon
  3694 | D:5      | Found a shimmering altar of Xom.
  3699 | D:5      | Found a sacrificial altar of Ru.
  3713 | D:5      | Gained mutation: You have razor-sharp teeth. [Vine Stalker
                  | growth]
  3713 | D:5      | Reached XP level 8. HP: 42/42 MP: 9/9
  3717 | D:5      | Found a glowing silver altar of Zin.
  3718 | D:5      | Found a broken altar of Ashenzari.
  3719 | D:5      | Found an iron altar of Okawaru.
  3720 | D:5      | Found a bloodstained altar of Trog.
  3725 | D:5      | Found a glowing golden altar of the Shining One.
  3726 | D:5      | Found a shadowy altar of Dithmenos.
  3806 | D:5      | Reached skill level 6 in Short Blades
  4056 | D:5      | Found an ancient bone altar of Kikubaaqudgha.
  4056 | D:5      | Found a shimmering blue altar of Sif Muna.
  4058 | D:5      | Found a radiant altar of Vehumet.
  4356 | D:5      | Became a worshipper of Sif Muna the Loreminder
  4689 | D:6      | Noticed Pooter's ghost (amateur MiBe)
  4690 | D:6      | Noticed a gargoyle
  4691 | D:6      | Found a runed translucent gate.
  4693 | D:6      | Found a runed translucent gate.
  4693 | D:6      | Found a runed translucent gate.
  4729 | D:6      | Found a staircase to the Ecumenical Temple.
  4762 | D:6      | Reached skill level 5 in Fighting
  4762 | D:6      | Reached skill level 7 in Short Blades
  4927 | D:6      | Reached XP level 9. HP: 44/47 MP: 10/10
  4946 | D:6      | Reached skill level 1 in Invocations
  5186 | D:6      | Reached * piety under Sif Muna
  5567 | D:6      | Killed Pooter's ghost
  5568 | D:6      | Reached skill level 8 in Short Blades
  5568 | D:6      | Reached skill level 5 in Dodging
  5571 | D:6      | Killed a gargoyle
  5597 | D:6      | Identified the amulet of the Median {RegenMP -Tele Str+4}
  5735 | D:7      | Found a blossoming altar of Fedhas.
  6057 | D:7      | Found a runed translucent door.
  6058 | D:7      | Noticed Crazy Yiuf
  6120 | D:7      | Found Wottel's Weapon Shop.
  6368 | D:8      | Reached XP level 10. HP: 49/51 MP: 13/13
  6447 | D:8      | You fall into a shaft and drop 2 floors!
  6447 | D:10     | Entered Level 10 of the Dungeon
  6495 | D:10     | Reached skill level 1 in Shields
  6530 | D:9      | Reached ** piety under Sif Muna
  6542 | D:9      | Reached skill level 9 in Short Blades
  6761 | D:9      | Found a staircase to the Lair.
  6862 | D:9      | Identified the +3 leather armour "Zuvero" {*Slow +Blink
                  | rF+}
  6952 | D:9      | Noticed a two-headed ogre
  6964 | D:9      | Killed a two-headed ogre
  7472 | D:10     | Reached *** piety under Sif Muna
  7528 | D:10     | Reached XP level 11. HP: 53/58 MP: 15/15
  7574 | D:10     | Noticed a two-headed ogre
  7585 | D:10     | Killed a two-headed ogre
  8027 | D:11     | Reached skill level 10 in Short Blades
  8113 | D:11     | Found a staircase to the Orcish Mines.
  8143 | D:11     | Reached skill level 5 in Invocations
  8233 | D:11     | Noticed a two-headed ogre
  8239 | D:11     | Killed a two-headed ogre
  8422 | D:11     | Noticed an ogre mage
  8422 | D:11     | Noticed a two-headed ogre
  8422 | D:11     | Noticed a two-headed ogre
  8422 | D:11     | Noticed a two-headed ogre
  8426 | D:11     | Killed a two-headed ogre
  8428 | D:11     | Killed an ogre mage
  8442 | D:11     | Killed a two-headed ogre
  8454 | D:11     | Killed a two-headed ogre
  8542 | D:11     | Noticed Psyche
  8545 | D:11     | Killed Psyche
  9173 | D:12     | Noticed a skeletal warrior
  9174 | D:12     | Noticed a skeletal warrior
  9212 | D:12     | Noticed a two-headed ogre
  9228 | D:11     | Killed a two-headed ogre
  9229 | D:11     | Reached XP level 12. HP: 25/64 MP: 11/17
  9294 | D:12     | Noticed Fannar
  9318 | D:12     | Killed Fannar
  9554 | D:12     | Reached **** piety under Sif Muna
  9635 | D:12     | Mangled by a skeletal warrior

Illustrated notes

Levels and vault maps discovered:
D:1:      onia_arrival_mini_maze_b, layout_basic
D:2:      layout_loops_corners, uniq_sigmund
D:3:      layout_basic
D:4:      layout_cave_pods, nzn_wu_jian_contemplation
D:5:      layout_basic, grunt_temple_overflow_magic_moments,
          nicolae_overflow_hallway_of_the_gods
D:6:      layout_basic, minmay_temple_entry_offerings, gammafunk_ghost_split,
          hellmonk_no_cap
D:7:      layout_rooms, marbit_many_paths, serial_shops, kennysheep_little_box,
          uniq_crazy_yiuf_cottage
D:8:      layout_cave_pools, nicolae_hepliaklqana_ecumenical_no_more
D:9:      layout_loops_ring, erik_lair_island
D:10:     layout_irregular_city
D:11:     layout_basic, orc_0_dummy, uniq_psyche
D:12:     layout_grid_maze, minivault_4, kiku_gazebo_garden_becter, uniq_fannar

Skill      XL: |  1  2  3  4  5  6  7  8  9 10 11 12 |
---------------+-------------------------------------+-----
Short Blades   | 2 4 5 7 8 9 10 | 10.0
Dodging        | 1 2 3 4 5 6 7 |  7.4
Stealth        | 5 6 8 9 |  9.4
Fighting       | 2 3 4 5 6 7 8 |  8.3
Throwing       | 2 3 4 |  4.5
Invocations    | 3 4 6 |  6.6
Shields        | 3 4 |  4.0

Action                     |  1- 3 |  4- 6 |  7- 9 | 10-12 || total
---------------------------+-------+-------+-------+-------++-------
  Melee: Dagger            |    47 |    65 |   294 |   364 ||   770
         Bite              |    10 |    21 |   103 |   166 ||   300
         Punch             |       |     1 |       |       ||     1
  Throw: Dart              |     2 |     1 |    18 |    13 ||    34
         Javelin           |       |       |       |     8 ||     8
   Cast: Summon Cactus Gia |       |       |       |     1 ||     1
 Invoke: Channel Magic     |       |       |       |     1 ||     1
         Divine Exegesis   |       |       |       |     1 ||     1
  Evoke: Wand              |       |       |     6 |    12 ||    18
    Use: Potion            |       |     4 |       |       ||     4
         Scroll            |       |       |    15 |     3 ||    18
   Stab: Sleeping          |    14 |     1 |     6 |    11 ||    32
         Paralysed         |       |       |     2 |       ||     2
 Armour: Robe              |    11 |    38 |       |       ||    49
         Steam dragon scal |       |       |   115 |   121 ||   236
         Skin              |       |       |       |     1 ||     1
  Dodge: Dodged            |    18 |    36 |   118 |   120 ||   292
  Block: Buckler           |       |       |    29 |    52 ||    81

Table legend: (Time is in decaauts)
 A = Elapsed time spent in this place.
 B = Non-inter-level travel time spent in this place.
 C = Inter-level travel time spent in this place.
 D = Time resting spent in this place.
 E = Time spent auto-exploring this place.
 F = Levels seen in this place.
 G = Mean time per level.
                   A        B        C        D        E       F      G
               +--------+--------+--------+--------+--------+-----+--------+
         Total |   9254 |   8760 |    494 |    225 |   7036 |  12 |  771.2 |
       Dungeon |   9254 |   8760 |    494 |    225 |   7036 |  12 |  771.2 |
               +--------+--------+--------+--------+--------+-----+--------+

Top non-repeatable levels by time:
     D:5: 1327 daAuts
    D:11: 1191 daAuts
     D:6: 952 daAuts
     D:1: 918 daAuts
     D:4: 901 daAuts
     D:2: 879 daAuts
     D:9: 806 daAuts
    D:10: 650 daAuts
     D:7: 549 daAuts
     D:3: 510 daAuts
    D:12: 323 daAuts
     D:8: 244 daAuts
